 Dungeon Crawl Stone Soup version 0.32-a0-290-g598725c5f2 (webtiles) character file.

Game seed: 13283033589174236022

11 Bravepunisher the Ducker (level 2, 16/16 HPs)
             Began as a Spriggan Monk on Feb 13, 2024.
             Quit the game in the Ecumenical Temple.
             The game lasted 00:02:41 (564 turns).

Bravepunisher the Ducker (Spriggan Monk)             Turns: 564, Time: 00:02:41

Health: 16/16      AC:  2    Str:  7    XL:     2   Next: 13%
Magic:  3/3        EV: 19    Int: 17    God:
Gold:   10         SH:  0    Dex: 17    Spells: 1/1 levels left

rFire   . . .        a - +0 short sword
rCold   . . .        (no shield)
rNeg    . . .        b - +0 robe
rPois   .            (helmet restricted)
rElec   .            (no cloak)
rCorr   .            (gloves unavailable)
SInv    +            (boots unavailable)
Will    .....        (no amulet)
Stlth   ++           d - +6 ring of intelligence
HPRegen 0.22/turn    (no ring)
MPRegen 0.08/turn

%: no passive effects
@: very quick
A: very small, no large weapons, unfitting armour, see invisible, speed 3
a: no special abilities


You were in the Ecumenical Temple.
You visited 2 branches of the dungeon, and saw 8 of its levels.

You collected 10 gold pieces.

Inventory:

Hand Weapons
 a - a +0 short sword (weapon)
Armour
 b - a +0 robe (worn)
Jewellery
 d - a +6 ring of intelligence (left hand)
Wands
 h - a wand of flame (15)
Scrolls
 e - a scroll of immolation {unknown}
 g - a scroll of teleportation {unknown}
Potions
 c - a potion of ambrosia
 f - a potion of curing {unknown}


   Skills:
 + Level 2.6 Fighting
 - Level 3.2 Short Blades
 * Level 4.6 Dodging


You had one spell level left.
You didn't know any spells.
Your spell library was empty.

Dungeon Overview and Level Annotations

Branches:
Dungeon (7/15)             Temple (1/1) D:7

Altars:
Ashenzari
Dithmenos
Elyvilon
Gozag
Nemelex Xobeh
Okawaru
Ru
Trog
Uskayaw
Vehumet
Wu Jian
Yredelemnul


Innate Abilities, Weirdness & Mutations

You are very small and have problems with some larger weapons.
You are too small for most types of armour.
You have supernaturally acute eyesight. (SInv)
You cover ground extremely quickly. (Speed+++)


Message History

There is an open door here.
There is an open door here.
You open the door.
Found a broken altar of Ashenzari.
There is an open door here.
There is an open door here.
There is an open door here.
There is an open door here.
There is an open door here.
You now have 10 gold pieces.
There is a stone staircase leading up here.
h - a wand of flame (15)
An orc priest comes into view. It is wielding a +0 dagger.
The orc priest shouts!
You hear a shout! x3
An orc comes into view. It is wielding a +0 club.
The orc shouts!
An orc priest comes into view. It is wielding a +0 club.
An orc comes into view. It is wielding a +0 club.
There is a stone staircase leading down here.
You climb downwards.
There is a stone staircase leading up here.
Found a stone staircase leading down.
There is a stone staircase leading down here.
An orc comes into view. It is wielding a +0 dagger.
An orc comes into view. It is wielding a +0 club.
The orc shouts! x2
An orc comes into view. It is wielding a +0 falchion.
The orc shouts!
The orc hits you with a +0 dagger.
You open the door.
Found 6 stones.
Found a staircase to the Ecumenical Temple.
There is an open door here.
You close the door.
There is a staircase to the Ecumenical Temple here.
You climb downwards.
Welcome to the Ecumenical Temple!
Found a white marble altar of Elyvilon and an opulent altar of Gozag.
Found a staircase back to the Dungeon.
There is a staircase back to the Dungeon here.
Are you sure you want to abandon this character and quit the game? (Confirm with "yes".)

###.## ##.### ##....## ##....##
##......### ###......##
##....._...## ##..._.....##
#.._........### ###........_..#
##.............###.............##
#...._....⌠.....#.....⌠...._....#
#...............................#
########........@........########
########...######## ##...##
##.....## ##...⌠...##
##.........## ##...........##
##..._....._...##
#...............#


There were no monsters in sight!

Vanquished Creatures
  A bat (D:1)
  An endoplasm (D:2)
  A giant cockroach (D:1)
  A quokka (D:2)
  A ball python (D:1)
  A kobold (D:1)
6 creatures vanquished.

Notes
Turn   | Place    | Note
-------+----------+-------------------------------------------
     0 | D:1      | Bravepunisher the Spriggan Monk began the quest for the
                  | Orb.
     0 | D:1      | Reached XP level 1. HP: 11/11 MP: 2/2
   239 | D:2      | Reached XP level 2. HP: 11/16 MP: 3/3
   324 | D:5      | Entered Level 5 of the Dungeon
   327 | D:4      | Noticed an ogre
   372 | D:6      | Found a radiant altar of Vehumet.
   392 | D:6      | Found a hide-covered altar of Uskayaw.
   397 | D:6      | Found a broken altar of Ashenzari.
   556 | D:7      | Found a staircase to the Ecumenical Temple.
   563 | Temple   | Entered the Ecumenical Temple
   564 | Temple   | Quit the game

Illustrated notes

Levels and vault maps discovered:
D:1:      wheals_arrival_linesprint, layout_basic, minmay_3d_cube
D:2:      layout_loops_ring, uniq_crazy_yiuf_cottage, uniq_sigmund
D:3:      layout_basic, nicolae_overflow_two_pavilions, kennysheep_cross_room,
          minmay_distorted
D:4:      layout_rooms, zin_statuary, general_overflow_altar
D:5:      layout_cave_pools, kennysheep_little_box
D:6:      layout_rooms, amethyst_overflow_temple_binary, kennysheep_mini_moat,
          serial_shops, shop, nicolae_diamond_shop
D:7:      layout_cave_pods, minmay_temple_entry_fiery
Temple:   dpeg_three_leaves_temple

Action                     || total
---------------------------++-------
  Melee: Short sword       ||    31
 Armour: Robe              ||    10
  Dodge: Dodged            ||    44

Table legend: (Time is in decaauts)
 A = Elapsed time spent in this place.
 B = Non-inter-level travel time spent in this place.
 C = Inter-level travel time spent in this place.
 D = Time resting spent in this place.
 E = Time spent auto-exploring this place.
 F = Levels seen in this place.
 G = Mean time per level.
                   A        B        C        D        E       F      G
               +--------+--------+--------+--------+--------+-----+--------+
         Total |    361 |    361 |      0 |      0 |    115 |   8 |   45.1 |
       Dungeon |    360 |    360 |      0 |      0 |    115 |   7 |   51.4 |
        Temple |      0 |      0 |      0 |      0 |      0 |   1 |    0.0 |
               +--------+--------+--------+--------+--------+-----+--------+

Top non-repeatable levels by time:
     D:2: 116 daAuts
     D:1: 84 daAuts
     D:6: 70 daAuts
     D:7: 52 daAuts
     D:4: 25 daAuts
     D:5: 8 daAuts
     D:3: 3 daAuts
  Temple: 0 daAuts
